Map: Magannatha LE

Players

Noarnull

  • Race: Zerg Zerg
  • League: Gold
  • Spawn Location: 5:00

ManlyManMeat - Winner!

  • Race: Zerg Zerg
  • League: Diamond
  • Spawn Location: 11:00

VOD

Have the link to the VOD?

Description

Time

  • Played on: July 12, 2025, 8:04 a.m.
  • Length: 7:26
Show
View Real Time Build Order
Export as new Build Order

Noarnull Zerg 

Build Orders: Hatch First 

Get SALT Encoding   

  12  0:01  Drone  
  13  0:08  Drone  
  14  0:20  Overlord  
  14  0:41  Drone x3  
  17  0:53  Drone, Hatchery  
  17  1:08  Spawning Pool  
  16  1:12  Drone  
  16  1:14  Extractor  
  16  1:16  Drone  
  17  1:25  Drone  
  18  1:35  Drone  
  19  1:45  Overlord  
  19  1:58  Zergling x2  
  19  2:00  Queen  
  22  2:04  Queen  
  22  2:07  Zergling x2  
  25  2:12  Drone  
  26  2:17  Metabolic Boost  
  26  2:20  Drone x2  
  28  2:32  Drone x2  
  30  2:38  Baneling Nest  
  28  2:47  Zergling x4  
  30  2:55  Drone x2  
  32  3:01  Zergling x4  
  34  3:16  Overlord  
  34  3:19  Queen  
  36  3:24  Evolution Chamber x2  
  34  3:28  Drone x2  
  34  3:30  Overlord  
  36  3:52  Roach Warren  
  36  3:55  Baneling x3  
  35  3:56  Zergling x10  
  35  3:57  Zergling x2  
  38  4:07  Zergling x6  
  38  4:08  Zergling x6  
  41  4:14  Drone  
  41  4:21  Drone  
  42  4:24  Burrow  
  42  4:35  Baneling x3  
  42  4:36  Baneling  
  38  4:39  Zergling x8  
  42  4:47  Drone  
  39  5:27  Drone x5  
  39  5:28  Drone  
  38  5:42  Roach  
  38  5:43  Roach x4  
  38  5:47  Lair  
  38  5:49  Overlord  
  44  5:57  Overlord  
  44  5:58  Overlord  
  44  6:01  Overlord  
  44  6:05  Hatchery  
  43  6:23  Zergling x6  
  43  6:24  Zergling x14  
  43  6:25  Zergling x2  
  38  6:36  Roach x4  
  28  6:56  Roach x2  
Show
View Real Time Build Order
Export as new Build Order

ManlyManMeat Zerg - Winner!

Build Orders: Hatch First, Zergling Baneling 

Get SALT Encoding   

  12  0:00  Drone  
  13  0:08  Drone  
  14  0:14  Extractor  
  14  0:15  Drone  
  15  0:21  Overlord  
  15  0:41  Drone  
  16  0:46  Hatchery  
  15  0:51  Drone  
  15  0:53  Drone  
  15  0:57  Drone  
  18  1:08  Extractor  
  17  1:13  Spawning Pool  
  17  1:16  Drone  
  17  1:19  Drone  
  18  1:26  Drone  
  19  1:37  Drone  
  20  1:59  Queen  
  20  2:00  Zergling x2, Queen  
  20  2:01  Zergling x2  
  26  2:02  Overlord  
  26  2:09  Metabolic Boost  
  26  2:12  Drone  
  26  2:14  Drone  
  28  2:29  Drone x2  
  30  2:34  Baneling Nest  
  29  2:46  Hatchery  
  29  2:49  Zergling x4  
  30  3:01  Overlord  
  30  3:05  Zergling x6  
  33  3:10  Drone x2  
  35  3:18  Baneling  
  35  3:19  Baneling x3  
  35  3:20  Baneling  
  35  3:21  Zergling x2  
  35  3:22  Zergling x2  
  37  3:28  Drone x2  
  37  3:29  Drone  
  37  3:32  Drone  
  37  3:33  Baneling  
  41  3:36  Baneling  
  41  3:48  Drone  
  41  3:49  Drone, Extractor  
  41  3:51  Roach Warren  
  40  4:06  Zergling x10  
  41  4:17  Drone x3, Overlord  
  43  4:19  Extractor  
  43  4:20  Zergling x4  
  43  4:31  Zergling x6  
  46  4:38  Baneling x2  
  45  4:39  Zergling x4  
  45  4:44  Drone  
  41  5:07  Roach x6  
  41  5:08  Zergling x2, Roach x2  
  54  5:15  Zergling x10  
  40  5:34  Drone x2  
  40  5:35  Drone  
  35  5:43  Drone  
  36  5:53  Drone  
  37  6:01  Drone  
  38  6:10  Baneling x2  
  31  6:35  Zergling x14  
  37  6:54  Zergling x2  
  37  6:55  Zergling x8  
  37  7:00  Zergling x4  
Tags
 
Add a new tag
Caveats
  • Supply blocks, unpowered buildings, or Contaminate may cause inaccurate times.
  • Supply counts are checked every 10 seconds.